 Dungeon Crawl Stone Soup version 0.31-b1-20-g67cafac56d (webtiles) character file.

Game seed: 1970776709382757676

5086 hawla the Gouger (level 10, -4/44 (45) HPs)
             Began as a Felid Shapeshifter on Jan 17, 2024.
             Slain by a troll (5 damage)
             ... on level 9 of the Dungeon.
             The game lasted 00:17:32 (6535 turns).

hawla the Gouger (Felid Shapeshifter)               Turns: 6535, Time: 00:17:33

HP:   -4/44 (45)    AC:  2    Str: 14    XL:     10   Next: 31%
MP:   20/20         EV: 26    Int: 14    God:
Gold: 2005          SH:  0    Dex: 16    Spells: 9/9 levels left
                                        Lives: 0   Deaths: 4

rFire   . .          .
                       - Unarmed
rCold   . . .        (shield unavailable)
rNeg    . . .        (body armour unavailable)
rPois   .            (helmet unavailable)
rElec   .            (cloak unavailable)
rCorr   .            (gloves unavailable)
SInv    +            (boots unavailable)
Will    ++...        p - amulet of the acrobat
Stlth   +            r - ring of willpower
HPRegen 0.27/turn    d - ring of magical power
MPRegen 0.17/turn

%: acrobat
@: flux-form, glowing, lightly drained
A: glow, contaminating, very small, claws 1, fangs 3, see invisible, shaggy fur
2, stealthy paws, no weapons or thrown items, no armour, multi-lived
a: Begin Untransformation


You were on level 9 of the Dungeon.
You were something dangerously unstable.
You visited 2 branches of the dungeon, and saw 11 of its levels.

You collected 2005 gold pieces.

Inventory:

Jewellery
 d - a ring of magical power (right paw)
 f - a ring of ice
 p - an amulet of the acrobat (around neck)
 r - a ring of willpower (left paw)
Talismans
 b - a beast talisman
 c - a flux talisman (active)
 n - a blade talisman
Wands
 i - a wand of polymorph (7)
Scrolls
 a - 3 scrolls of torment
 g - a scroll of immolation
 h - 2 scrolls of poison
 k - a scroll of silence
 m - 4 scrolls of identify
Potions
 j - 3 potions of might
 o - a potion of brilliance
 s - 2 potions of enlightenment
 t - a potion of attraction
Miscellaneous
 e - a lightning rod (4/4)


   Skills:
 - Level 1.3 Fighting
 + Level 8.4 Dodging
 - Level 1.0 Stealth
 * Level 11.3 Unarmed Combat
 + Level 7.8 Shapeshifting


You had 9 spell levels left.
You didn't know any spells.
Your spell library was empty.

Dungeon Overview and Level Annotations

Branches:
Dungeon (10/15)            Temple (1/1) D:4
   Lair: D:8-11         Orc: D:9-12

Altars:
Ashenzari
Dithmenos
Elyvilon
Fedhas
Gozag
Hepliaklqana
Nemelex Xobeh
Qazlal
Ru
Sif Muna
Trog
Uskayaw
Vehumet
Wu Jian
Zin
The Shining One

Portals:
Trove: D:10 (give 13 potions of heal wounds)

Annotations:
D:6 Jeremiah
D:8 Grum, Pikel


Innate Abilities, Weirdness & Mutations

You are something dangerously unstable.
You glow with magical radiation, making you easy to see and hit.
Foes you strike become dangerously contaminated with magical radiation.
You have sharp claws.
You have razor-sharp teeth.
You have supernaturally acute eyesight. (SInv)
You are covered in thick fur. (AC +2)
Your paws help you pounce on unaware monsters.
You are incapable of wielding weapons or throwing items.
You cannot wear armour.
You gain extra lives every three experience levels.


Message History

There is a stone staircase leading up here.
You climb upwards.
There is a stone staircase leading down here.
You scratch the wight.
The wight begins to glow.
The wight is moderately damaged.
You claw the wight!
The wight glows dangerously bright.
The wight is almost destroyed.
You scratch the wight.
You destroy the wight!
The wight misses you.
A wight comes into view. It is wielding a +0 dire flail.
You claw the troll!
The troll begins to glow.
The troll is moderately wounded.
The troll completely misses you. The troll closely misses you.
The troll completely misses you.
You scratch the troll.
The troll glows dangerously bright.
You bite the troll, but do no damage.
The troll is moderately wounded.
You scratch the troll but do no damage.
The troll shudders as magic cascades through it!
The troll twists and deforms.
Your bite misses the troll.
The troll is severely wounded.
The wight completely misses you. x2; The troll bites you!
The troll closely misses you. The troll misses you.
You claw the troll!
The troll begins to glow.
You bite the troll.
The troll is almost dead.
The wight completely misses you. The wight hits you but does no damage.
The troll bites you but does no damage. The troll completely misses you.
The troll misses you.
The howler monkey hoots and howls with incredible vigour!
You hear a bellow!
You hear a howl!
You hear a bellow! x2; You hear a shout! x2
You scratch the troll.
The troll glows dangerously bright.
The troll is almost dead.
The wight completely misses you.
The wight hits you with a +0 dire flail!
* * * LOW HITPOINT WARNING * * *
You feel drained.
* * * LOW HITPOINT WARNING * * *
The troll barely misses you. The troll claws you.
You die...

........o.........#
.......>###........#
......>.#
#..###.....
..#.....# #..# .....
. ###h.## #..# ....#
##h. ##.. ....##
.#..# ##)....##
.T...######.....#
......zhTp.......
.......zz#.#.....
.......z# ## .##
........# .......##
....... ...$#.#
.#..#. #. z.


You could see a troll (heavy contam, misshapen), a howler monkey and 4 wights.

Vanquished Creatures
  A two-headed ogre (D:10)
  Maurice (D:10)
  Joseph (D:8)
  Maggie (D:6)
  4 trolls
  A shadow (D:10)
  A wraith (D:9)
  A steam dragon (D:6)
  2 water moccasins (D:7)
  2 wolves (D:8)
  2 centaurs (D:5)
  An ogre (D:5)
  3 lemures (D:8)
  2 phantoms
  Blork the orc (D:6)
  A kobold brigand (D:7)
  3 bullfrogs
  3 scorpions
  A wight (D:9)
  5 killer bees (D:10)
  3 howler monkeys
  A bombardier beetle (D:6)
  The ghost of middlethird the Magician, a weakling VSEE (D:6)
  2 orc priests
  3 hounds
  2 jellies (D:5)
  2 iguanas
  4 orc wizards
  8 adders
  A shadow imp (D:7)
  3 white imps
  4 ufetubi
  4 dart slugs
  21 orcs
  3 ball pythons
  7 bats
  4 endoplasms
  3 giant cockroaches (D:4)
  5 goblins
  5 hobgoblins
  6 jackals
  6 quokkas
  3 frilled lizards (D:1)
  7 kobolds
  5 rats
  A spectral goblin (D:1)
151 creatures vanquished.

Notes
Turn   | Place    | Note
-------+----------+-------------------------------------------
     0 | D:1      | hawla the Felid Shapeshifter began the quest for the Orb.
     0 | D:1      | Reached XP level 1. HP: 10/10 MP: 2/2
   404 | D:1      | Reached XP level 2. HP: 14/14 MP: 3/3
   680 | D:1      | Found a faded altar of an unknown god.
   760 | D:1      | Reached XP level 3. HP: 18/18 MP: 4/4
   782 | D:1      | You fall into a shaft and drop 1 floor!
  1061 | D:2      | Found a broken altar of Ashenzari.
  1761 | D:3      | Reached XP level 4. HP: 22/22 MP: 5/5
  1761 | D:3      | Gained a life (2 lives remaining)
  1801 | D:3      | Reached skill level 4 in Unarmed Combat
  2362 | D:3      | Found a glowing silver altar of Zin.
  2683 | D:4      | Noticed a phantom
  2684 | D:4      | Found a staircase to the Ecumenical Temple.
  2697 | D:4      | Killed a phantom
  2698 | D:4      | Reached XP level 5. HP: 12/25 MP: 6/6
  2710 | Temple   | Entered the Ecumenical Temple
  2902 | D:4      | Found a shadowy altar of Dithmenos.
  3236 | D:5      | Entered Level 5 of the Dungeon
  3286 | D:5      | Reached skill level 5 in Unarmed Combat
  3286 | D:5      | Gained mutation: You are covered in thick fur. (AC +2)
                  | [Felid growth]
  3286 | D:5      | Reached XP level 6. HP: 20/30 MP: 7/7
  3360 | D:5      | Reached skill level 5 in Dodging
  3385 | D:5      | Killed from afar by a white imp
  3385 | D:5      | Lost a life (1 life remaining)
  3415 | D:5      | Reached XP level 7. HP: 27/33 MP: 8/8
  3415 | D:5      | Gained a life (2 lives remaining)
  3593 | D:5      | Found a radiant altar of Vehumet.
  3607 | D:5      | Found a stormy altar of Qazlal.
  3668 | D:5      | Reached skill level 5 in Shapeshifting
  3688 | D:5      | Found a sparkling altar of Nemelex Xobeh.
  4011 | D:6      | Identified a scroll of acquirement
  4012 | D:6      | Acquired 1249 gold pieces
  4122 | D:6      | Noticed a wyvern
  4128 | D:6      | Slain by a wyvern
  4128 | D:6      | Lost a life (1 life remaining)
  4132 | D:6      | Noticed Blork the orc
  4144 | D:6      | Killed Blork the orc
  4245 | D:6      | Reached skill level 6 in Unarmed Combat
  4269 | D:6      | Found a runed translucent door.
  4269 | D:6      | Noticed middlethird's ghost (weakling VSEE)
  4313 | D:6      | Killed middlethird's ghost
  4314 | D:6      | Reached XP level 8. HP: 37/37 MP: 9/9
  4341 | D:6      | Noticed Maggie
  4368 | D:6      | Killed Maggie
  4487 | D:6      | Reached skill level 7 in Unarmed Combat
  4534 | D:6      | Noticed Jeremiah
  4622 | D:7      | Found an ornate altar of the Wu Jian Council.
  4949 | D:7      | Noticed a troll
  4962 | D:7      | Killed a troll
  4963 | D:7      | Reached skill level 8 in Unarmed Combat
  4963 | D:7      | Reached XP level 9. HP: 8/41 MP: 10/10
  5677 | D:8      | Noticed Joseph
  5700 | D:8      | Slain by Joseph
  5700 | D:8      | Lost a life (0 lives remaining)
  5724 | D:8      | Killed Joseph
  5824 | D:8      | Reached skill level 9 in Unarmed Combat
  5860 | D:8      | Reached skill level 1 in Stealth
  5864 | D:8      | Noticed Pikel
  5874 | D:8      | Noticed Grum
  6038 | D:9      | Noticed Maurice
  6041 | D:10     | Entered Level 10 of the Dungeon
  6069 | D:10     | Killed Maurice
  6070 | D:10     | Reached skill level 10 in Unarmed Combat
  6081 | D:10     | Noticed a troll
  6082 | D:9      | Noticed a troll
  6093 | D:10     | Killed a troll
  6172 | D:10     | Noticed a troll
  6182 | D:10     | Killed a troll
  6183 | D:10     | Reached XP level 10. HP: 20/45 MP: 11/11
  6183 | D:10     | Gained a life (1 life remaining)
  6214 | D:10     | HP: 1/45 [killer bee (8)]
  6215 | D:10     | Succumbed to a killer bee's poison
  6215 | D:10     | Lost a life (0 lives remaining)
  6342 | D:10     | Found a portal to a secret trove of treasure.
  6374 | D:10     | Found a white marble altar of Elyvilon.
  6378 | D:10     | Noticed a two-headed ogre
  6398 | D:10     | Killed a two-headed ogre
  6399 | D:10     | Reached skill level 11 in Unarmed Combat
  6503 | D:10     | Noticed a two-headed ogre
  6525 | D:10     | Found an opulent altar of Gozag.
  6535 | D:9      | HP: 1/44 [wight/+0 dire flail (6)]
  6535 | D:9      | Slain by a troll

Illustrated notes

Levels and vault maps discovered:
D:1:      lightli_arrival_statue_moat, layout_basic,
          dreamdust_ecumenical_altar_drowned_temple
D:2:      layout_loops_ring, basic_altar, minmay_misc_feat_rows
D:3:      layout_basic, lemuel_round_altar
D:4:      layout_cave_pools, grunt_dithmenos_smoke, minmay_temple_entry_waves
D:5:      layout_rooms, mainiacjoe_overflow_six_doors_small,
          nicolae_overflow_squiral, eino_small_chamber_without_monster,
          kennysheep_generic_room_10
D:6:      layout_loops_ring, gammafunk_ghost_grave, uniq_jeremiah, uniq_maggie,
          uniq_blork_the_orc
D:7:      statuecave_lemuel, layout_loops_cross,
          mainiacjoe_overflow_cross_hatched
D:8:      lemuel_ice_spiral_2, layout_rooms, lemuel_mausoleum_altar_yredelemnul,
          uniq_joseph, uniq_grum, uniq_pikel
D:9:      layout_cave_pools, tgw_kikubaaqudgha, okawaru_gym_becter,
          david_lair_shrubbed, uniq_maurice
D:10:     layout_long_grid, elyvilon_altar_5, mainiacjoe_overflow_boulevard,
          mainiacjoe_overflow_two_lobes, grunt_gozag_statues, enter_trove_6,
          serial_shops, nicolae_shop_just_a_little_nook
Temple:   hellmonk_temple_micro_hex

Skill      XL: |  1  2  3  4  5  6  7  8  9 10 |
---------------+-------------------------------+-----
Dodging        | 3 4 5 6 7 8 |  8.4
Shapeshifting  | 3 4 5 7 |  7.8
Unarmed Combat | 4 5 6 8 10 11 | 11.3
Stealth        | 1 |  1.0
Fighting       | |  1.3

Action                     |  1- 3 |  4- 6 |  7- 9 | 10-12 || total
---------------------------+-------+-------+-------+-------++-------
  Melee: Unarmed           |    88 |    89 |   303 |    53 ||   533
         Bite              |     6 |     6 |    44 |    11 ||    67
         Punch             |     1 |     2 |     7 |       ||    10
    Use: Scroll            |     4 |     5 |    13 |     1 ||    23
         Potion            |       |       |     4 |     3 ||     7
   Stab: Sleeping          |     2 |       |     1 |       ||     3
 Armour: Skin              |    18 |    32 |   126 |    23 ||   199
  Dodge: Dodged            |    74 |    81 |   283 |   131 ||   569
   Form: Flux              |       |       |     1 |       ||     1
